 Dungeon Crawl Stone Soup version 0.28-a0-29-g0adfcbb (webtiles) character file.

Game seed: 11210743895949494899

86 HDogLeCool the Poker (level 4, -5/40 HPs)
             Began as a Draconian Monk on July 27, 2021.
             Was a Priest of Wu Jian.
             Killed from afar by Sigmund (10 damage)
             ... with a puff of flame
             ... on level 2 of the Dungeon.
             The game lasted 00:04:19 (2290 turns).

HDogLeCool the Poker (Draconian Monk)               Turns: 2290, Time: 00:04:19

Health: -5/40      AC:  6    Str: 14    XL:     4   Next: 26%
Magic:  4/4        EV: 13    Int: 10    God:    Wu Jian [***...]
Gold:   71         SH:  0    Dex: 20    Spells: 3/3 levels left

rFire   . . .      SeeInvis .   a - +0 spear
rCold   . . .      Faith    .   (no shield)
rNeg    . . .      Spirit   .   (armour unavailable)
rPois   .          Reflect  .   (helmet restricted)
rElec   .          Harm     .   e - +0 cloak
rCorr   .          Rampage  .   (no gloves)
Will    .....                   (no boots)
Stlth   ++........              (no amulet)
HPRegen 0.13/turn               c - +6 ring of dexterity
MPRegen 0.09/turn               (no ring)

@: exhausted
A: AC +5, unfitting armour, cold-blooded
a: Renounce Religion, Wall Jump, Serpent's Lash


You were on level 2 of the Dungeon.
You worshipped Wu Jian.
Wu Jian was most pleased with you.
You visited 1 branch of the dungeon, and saw 2 of its levels.

You collected 71 gold pieces.

Inventory:

Hand Weapons
 a - a +0 spear (weapon)
Armour
 e - a +0 cloak (worn)
Jewellery
 c - a +6 ring of dexterity (left hand)
Scrolls
 b - a scroll of amnesia {unknown}
Potions
 d - a potion of ambrosia {unknown}
 f - 2 potions of curing {unknown}
 g - a potion of invisibility {unknown}
 h - a potion of might {unknown}


   Skills:
 + Level 3.8 Fighting
 * Level 4.0 Polearms
 + Level 3.1 Dodging
 + Level 2.4 Stealth


You had 3 spell levels left.
You didn't know any spells.
Your spell library contained the following spells:

 Spells                   Type           Power      Damage    Failure   Level
 Airstrike                Air            0%         N/A       98%         4
 Summon Lightning Spire   Summ/Air       0%         N/A       98%         4
 Lightning Bolt           Conj/Air       0%         1d11      100%        5


Dungeon Overview and Level Annotations

Branches:
Dungeon (2/15)

Altars:
Wu Jian

Annotations:
D:2 Sigmund


Innate Abilities, Weirdness & Mutations

Your plain brown scales are hard. (AC +5)
You cannot fit into any form of body armour.
You are cold-blooded and may be slowed by cold attacks.


Message History

You reach to attack!
The helpless Sigmund fails to defend himself.
You hit Sigmund.
Sigmund is lightly wounded.
Sigmund closely misses you.
You reach to attack!
You hit Sigmund but do no damage.
Sigmund is lightly wounded.
You reach to attack!
You barely miss Sigmund.
Sigmund is lightly wounded.
Sigmund hits you from afar with a +0 scythe!
You hit Sigmund but do no damage. You tail-slap Sigmund.
Sigmund is lightly wounded.
Sigmund misses you.
You closely miss Sigmund.
Sigmund is lightly wounded.
Sigmund smiles chillingly.
Sigmund gestures at you while chanting. The puff of flame misses you.
You barely miss Sigmund.
You tail-slap Sigmund, but do no damage.
Sigmund is lightly wounded.
Sigmund hits you with a +0 scythe!
You barely miss Sigmund. You tail-slap Sigmund.
Sigmund is moderately wounded.
Sigmund completely misses you.
You hit Sigmund. You tail-slap Sigmund.
Sigmund is moderately wounded.
Sigmund hits you with a +0 scythe.
You hit Sigmund. You tail-slap Sigmund.
Sigmund is severely wounded.
Sigmund misses you.
You hit Sigmund.
Sigmund is severely wounded.
Sigmund screams, "Die, monster!"
Sigmund hits you with a +0 scythe!
* * * LOW HITPOINT WARNING * * *
Your supernatural speed expires.
Sigmund casts a spell at you. The puff of flame hits you!
You die...

#>......##.# #
#..#....# .#
#.......# .###
.#..#....##....
...............
.##.###..##....
#.....(.######
...........#
.#.###[###@# #
... #.#
###.#.#.####
........@..#
........##.#
###.#.#.. # ..
#.#.. ## ###..#
....


You could see Sigmund.

Vanquished Creatures
  An adder (D:2)
  4 gnolls
  2 worms (D:2)
  A dart slug (D:1)
  3 endoplasms
  2 giant cockroaches (D:1)
  3 goblins (D:1)
  5 hobgoblins
  A jackal (D:1)
  2 ball pythons (D:1)
  A bat (D:1)
  A frilled lizard (D:1)
  4 kobolds (D:1)
  3 rats
33 creatures vanquished.

Notes
Turn   | Place    | Note
-------+----------+-------------------------------------------
     0 | D:1      | HDogLeCool the Draconian Monk began the quest for the Orb.
     0 | D:1      | Reached XP level 1. HP: 19/19 MP: 1/1
   281 | D:1      | Reached XP level 2. HP: 22/26 MP: 2/2
   527 | D:1      | Found a faded altar of an unknown god.
   554 | D:1      | Became a worshipper of the Wu Jian Council
   554 | D:1      | Reached * piety under Wu Jian
   554 | D:1      | Reached ** piety under Wu Jian
   795 | D:1      | Reached *** piety under Wu Jian
   950 | D:2      | Reached XP level 3. HP: 12/31 MP: 3/3
  1789 | D:2      | Reached XP level 4. HP: 23/40 MP: 4/4
  2061 | D:2      | Reached skill level 4 in Polearms
  2278 | D:2      | Noticed Sigmund
  2290 | D:2      | Killed from afar by Sigmund

Illustrated notes

Levels and vault maps discovered:
D:1:      lightli_arrival_quake, layout_loops_ring,
          hellmonk_ecumenical_altar_lost_god, minmay_pentomino_x2
D:2:      layout_loops_cross, minmay_misc_feat_nine_boxes,
          uniq_crazy_yiuf_cottage, uniq_sigmund

Skill      XL: |  1  2  3  4 |
---------------+-------------+-----
Stealth        | 2 |  2.4
Dodging        | 3 |  3.1
Polearms       | 4 |  4.0
Fighting       | |  3.8

Action                   |  1- 3 |  4- 6 || total
-------------------------+-------+-------++-------
Melee: Spear             |   118 |    47 ||   165
       Tailslap          |    12 |    10 ||    22
Invok: Whirlwind         |    15 |     1 ||    16
       Lunge             |     2 |     1 ||     3
       Serpent's Lash    |       |     1 ||     1
 Abil: Wall Jump         |     1 |       ||     1
 Stab: Sleeping          |     9 |     2 ||    11
Armor: Skin              |    18 |     8 ||    26
Dodge: Dodged            |    59 |    23 ||    82

Table legend: (Time is in decaauts)
 A = Elapsed time spent in this place.
 B = Non-inter-level travel time spent in this place.
 C = Inter-level travel time spent in this place.
 D = Time resting spent in this place.
 E = Time spent auto-exploring this place.
 F = Levels seen in this place.
 G = Mean time per level.
                   A        B        C        D        E       F      G
               +--------+--------+--------+--------+--------+-----+--------+
         Total |   2284 |   2255 |     29 |   1015 |    889 |   2 | 1142.0 |
       Dungeon |   2284 |   2255 |     29 |   1015 |    889 |   2 | 1142.0 |
               +--------+--------+--------+--------+--------+-----+--------+

Top non-repeatable levels by time:
     D:1: 1635 daAuts
     D:2: 649 daAuts
